 Dungeon Crawl Stone Soup version 0.19-a0-1008-g4c63d25 (webtiles) character file.

882 mistymad the Skirmisher (level 8, -5/64 HPs)
             Began as a Formicid Abyssal Knight on July 22, 2016.
             Was a Priest of Lugonu.
             Slain by a mummy (14 damage)
             ... in an ossuary.
             The game lasted 00:11:04 (5628 turns).

mistymad the Skirmisher (Formicid Abyssal Knight)   Turns: 5628, Time: 00:11:04

Health: -5/64      AC:  7    Str: 18    XL:     8   Next: 25%
Magic:  9/9        EV: 18    Int: 13    God:    Lugonu [***...]
Gold:   139        SH:  0    Dex: 15    Spells: 0 memorised, 7 levels left

rFire  . . .     SeeInvis +     h - +0 long sword
rCold  . . .     Gourm    .     E - +0 ring mail
rNeg   . . .     Faith    .     (no shield)
rPois  +         Spirit   .     (helmet unavailable)
rElec  .         Dismiss  .     (no cloak)
rCorr  .         Reflect  .     (no gloves)
SustAt .         Harm     .     n - +0 pair of boots
MR     +....                    (no amulet)
Stlth  +++.......               (no ring)
                                e - ring of Kashruwk {rPois MR+ Int-5 Stlth+}

@: brilliant, agile, flying, somewhat resistant to hostile enchantments, fairly
stealthy
A: permanent stasis, dig shafts and tunnels, four strong arms, antennae 3
a: Dig, Shaft Self, Depart the Abyss, Bend Space, Banish, Renounce Religion


You were in an ossuary.
You worshipped Lugonu.
Lugonu was most pleased with you.
You were not hungry.

You visited 1 branch of the dungeon, and saw 6 of its levels.
You visited the Abyss 1 time.
You also visited: Ossuary.

You collected 274 gold pieces.
You spent 135 gold pieces at shops.

Inventory:

Hand Weapons
 h - a +0 long sword (weapon)
 t - a +2 whip of flaming
Armour
 n - a +0 pair of boots (worn)
 E - a +0 ring mail (worn)
Jewellery
 e - the ring of Kashruwk (left hand) {rPois MR+ Int-5 Stlth+}
   (You found it on level 5 of the Dungeon)

   [ring of protection from magic]

   It affects your intelligence (-5).
   It protects you from poison.
   It affects your resistance to hostile enchantments.
   It makes you more stealthy.
Wands
 d - a wand of slowing (13/48)
Scrolls
 a - a scroll of remove curse
 m - 2 scrolls of immolation
Potions
 b - 4 potions of agility
 f - a potion of mutation
 i - a potion of curing
 o - a potion of lignification {unknown}
 p - a potion of heal wounds {unknown}
 q - a potion of flight
 r - 2 potions of berserk rage {unknown}
 s - a potion of cure mutation {unknown}
 w - 2 potions of brilliance
 x - a potion of ambrosia {unknown}
 B - a potion of might {unknown}
Comestibles
 c - 4 bread rations
 v - a slice of pizza
 A - 13 fruits
 D - a meat ration


   Skills:
 + Level 6.2 Fighting
 + Level 4.6 Long Blades
 + Level 5.0 Armour
 + Level 3.9 Dodging
 - Level 2.1 Invocations


You had 7 spell levels left.
You didn't know any spells.

Dungeon Overview and Level Annotations

Branches:
Dungeon (6/15)
 Temple: D:4-7

Altars:
Cheibriados
Fedhas
Gozag
Okawaru
Trog
Xom

Shops:
D:4 *

Annotations:
D:6 shady's ghost, novice MiGl


Innate Abilities, Weirdness & Mutations

You are under a permanent stasis effect.
You can dig through walls and to a lower floor.
Your four strong arms can wield two-handed weapons with a shield.
You have a pair of large antennae on your head. (SInv)


Message History

The mummy is lightly damaged.
The mummy hits you but does no damage.
The big kobold zombie hits you but does no damage.
The mummy hits you!
* * * LOW HITPOINT WARNING * * *
You take 16 damage, and have 6/64 hp.
MASSIVE DAMAGE!!
You feel better.
The big kobold zombie completely misses you.
You riposte.
You barely miss the big kobold zombie. The mummy misses you.
You regained 6 hp, and now have 12/64 hp.
It was a potion of flight.
You feel very buoyant.
You fly up into the air.
The mummy hits you but does no damage. The big kobold zombie hits you.
* * * LOW HITPOINT WARNING * * *
You take 3 damage, and have 9/64 hp.
It was a potion of brilliance.
You feel clever all of a sudden. The mummy hits you!
You die...

#....#
#....#
#....#
#....#
#....#
#....#
#....#
#MM..#
#@Z∩.#
######


You could see 2 mummies and a big kobold zombie.

Vanquished Creatures
  A sky beast (D:5)
  A phantom (D:4)
  A necrophage (D:5)
  2 ogres (D:4)
  A scorpion (D:5)
  A howler monkey (D:4)
  A giant frog skeleton (D:5)
  Jessica (D:2)
  2 iguanas
  A worker ant (D:4)
  A hound skeleton (D:4)
  3 mummies
  3 gnolls (D:6)
  6 adders
  An ooze (D:5)
  4 worms
  3 dart slugs
  3 giant geckos
  7 orcs
  2 bats
  5 giant cockroaches
  A gnoll zombie (Ossuary)
  6 goblins
  6 hobgoblins
  5 kobolds
  3 quokkas
  A giant gecko skeleton (D:3)
  4 giant newts
  4 hobgoblin zombies (Ossuary)
  2 orc zombies
  16 rats
98 creatures vanquished.

Notes
Turn   | Place    | Note
-------+----------+-------------------------------------------
     0 | Abyss:1  | mistymad the Formicid Abyssal Knight began the quest for the Orb.
     0 | Abyss:1  | Reached XP level 1. HP: 18/18 MP: 2/2
     4 | Abyss:1  | Found a sacrificial altar of Ru.
     8 | D:1      | Escaped the Abyss
    30 | D:1      | Reached skill level 1 in Dodging
    59 | D:1      | Reached XP level 2. HP: 23/24 MP: 3/3
   261 | D:1      | Reached ** piety under Lugonu
   328 | D:1      | Reached XP level 3. HP: 30/30 MP: 4/4
   844 | D:2      | Reached skill level 4 in Fighting
   850 | D:2      | Noticed Jessica
   862 | D:2      | Killed Jessica
   862 | D:2      | Reached XP level 4. HP: 23/37 MP: 5/5
  1105 | D:2      | Found an iron altar of Okawaru.
  1867 | D:3      | Found an opulent altar of Gozag.
  1937 | D:3      | Reached XP level 5. HP: 39/42 MP: 6/6
  2001 | D:3      | Found a faded altar of an unknown god.
  2447 | D:4      | Found a shimmering altar of Xom.
  2538 | D:4      | Found a blossoming altar of Fedhas.
  2539 | D:4      | Noticed an ogre
  2544 | D:4      | Killed an ogre
  2544 | D:4      | Reached *** piety under Lugonu
  2544 | D:4      | Reached XP level 6. HP: 33/50 MP: 7/7
  2658 | D:4      | Noticed an ogre
  2662 | D:4      | Killed an ogre
  2662 | D:4      | Reached skill level 5 in Fighting
  2838 | D:4      | Reached XP level 7. HP: 34/56 MP: 8/8
  3012 | D:4      | Found Tyonuux's Assorted Antiques.
  3021 | D:4      | Bought a glowing ring mail for 92 gold pieces
  3057 | D:4      | Bought a scroll labeled TOROK DIFORENT for 23 gold pieces
  3060 | D:4      | Bought a fizzy yellow potion for 20 gold pieces
  3309 | D:5      | Entered Level 5 of the Dungeon
  3377 | D:5      | Found a bloodstained altar of Trog.
  3417 | D:5      | Got a glittering ivory ring
  3425 | D:4      | Identified the ring of Kashruwk {rPois MR+ Int-5 Stlth+} (You found it on level 5 of the Dungeon)
  3551 | D:4      | Found a snail-covered altar of Cheibriados.
  3726 | D:5      | Reached XP level 8. HP: 38/62 MP: 9/9
  5290 | D:6      | Reached skill level 6 in Fighting
  5301 | D:6      | Noticed shady's ghost (novice MiGl)
  5556 | D:6      | Found a sand-covered staircase.
  5560 | D:6      | Reached skill level 5 in Armour
  5563 | Ossuary  | Entered an ossuary
  5628 | Ossuary  | Slain by a mummy

Vault maps used:
D:1:      onia_arrival_larder, kennysheep_boxes
D:2:      marbit_many_paths, first_bread, uniq_jessica
D:3:      nicolae_gozag_seed_capital, ecumenical_altar_1, minmay_hedge_maze
D:4:      lemuel_upstairs_altar, lemuel_doored_altar, fedhas_altar_fruit_tree,
          serial_shops, shop
D:5:      nicolae_overflow_hidden_temple
D:6:      nicolae_ossuary_entry_giza, serial_bayou_pond_b,
          hangedman_decor_growths
Ossuary:  ossuary_tomb_3

Skill      XL: |  1  2  3  4  5  6  7  8 |
---------------+-------------------------+-----
Dodging        | 1 2 3 |  3.9
Fighting       | 4 5 6 |  6.2
Armour         | 3 4 5 |  5.0
Long Blades    | 3 4 |  4.6
Invocations    | |  2.1

Action                   |  1- 3 |  4- 6 |  7- 9 || total
-------------------------+-------+-------+-------++-------
Melee: Falchion          |    87 |       |       ||    87
       Long sword        |       |   124 |   333 ||   457
 Abil: Dig               |       |       |     7 ||     7
  Use: Scroll            |       |       |    12 ||    12
       Potion            |       |       |     5 ||     5
 Stab: Sleeping          |       |       |     2 ||     2
  Eat: Chunk             |       |     5 |    10 ||    15
       Pizza             |       |     1 |       ||     1
Armor: Leather armour    |    10 |     4 |       ||    14
       Scale mail        |       |    21 |     6 ||    27
       Ring mail         |       |       |    83 ||    83
Dodge: Dodged            |    38 |    66 |   145 ||   249
